[Event "2nd Sharjah Masters 2018"]
[Site "Sharjah"]
[Date "2018.04.13"]
[Round "2"]
[White "Arjun Kalyan"]
[Black "Song, Yuxin"]
[Result "1/2-1/2"]
[ECO "B96"]
[WhiteElo "2397"]
[BlackElo "2075"]
[Annotator "NA"]
[PlyCount "68"]
[EventDate "2018.??.??"]
[EventType "swiss"]
[EventCountry "UAE"]
[SourceTitle "playchess.com"]
[Source "ChessBase"]
[SourceQuality "1"]
[TimeControl "5400+30"]

1. e4 c5 2. Nf3 d6 3. d4 cxd4 4. Nxd4 Nf6 5. Nc3 a6 6. Bg5 e6 7. f4 h6 8. Bh4 Qb6 9. a3 Be7 10. Bf2 Qc7 11. Qf3 Nbd7 12. O-O-O b5 13. g4 g5 14. h4 gxf4 15. Be2 Ne5 16. Qxf4 Nexg4 17. Bxg4 e5 18. Nd5 Nxd5 19. Qf3 Nf4 20. Nf5 h5 21. Bh3 Nxh3 22. Rxh3 Bxf5 23. Qxf5 Qd7 24. Qf3 Rg8 25. Rg3 Rxg3 26. Qxg3 Qg4 27. Qd3 Rc8 28. Rg1 Qf4+ 29. Be3 Qf3 30. Kb1 Rc4 31. b3 Rxe4 32. Rg8+ Kd7 33. Qc3 Qd1+ 34. Ka2 Bd8 1/2-1/2

[Event "2nd Sharjah Masters 2018"]
[Site "Sharjah"]
[Date "2018.04.13"]
[Round "2"]
[White "Nyazi, Nehad"]
[Black "Mohammed Ahmed said Al Amri"]
[Result "1-0"]
[ECO "D05"]
[WhiteElo "2213"]
[BlackElo "1822"]
[Annotator "NA"]
[PlyCount "61"]
[EventDate "2018.??.??"]
[EventType "swiss"]
[EventCountry "UAE"]
[SourceTitle "playchess.com"]
[Source "ChessBase"]
[SourceQuality "1"]
[TimeControl "5400+30"]

1. d4 Nf6 2. Nf3 e6 3. e3 d5 4. Bd3 Be7 5. O-O O-O 6. Nbd2 Nbd7 7. Qe2 c5 8. c3 b6 9. e4 dxe4 10. Nxe4 Bb7 11. Rd1 Qc7 12. Bg5 Rfe8 13. dxc5 Nxc5 14. Nxc5 Bxc5 15. Ne5 Be7 16. Rd2 Rad8 17. Rad1 Rd5 18. f4 Red8 19. c4 Rd4 20. Bxf6 Bxf6 21. Bxh7+ Kxh7 22. Rxd4 Rxd4 23. Rxd4 Bc8 24. b4 g6 25. Qe4 Bb7 26. Rd7 Bxe5 27. Rxc7 Bxe4 28. fxe5 Kg7 29. Rxa7 Bd3 30. c5 bxc5 31. bxc5 1-0

[Event "2nd Sharjah Masters 2018"]
[Site "Sharjah"]
[Date "2018.04.13"]
[Round "2"]
[White "Ma, Lin"]
[Black "Dixit, Nikhil"]
[Result "1/2-1/2"]
[ECO "E63"]
[WhiteElo "2156"]
[BlackElo "2285"]
[Annotator "NA"]
[PlyCount "49"]
[EventDate "2018.??.??"]
[EventType "swiss"]
[EventCountry "UAE"]
[SourceTitle "playchess.com"]
[Source "ChessBase"]
[SourceQuality "1"]
[TimeControl "5400+30"]

1. Nf3 Nf6 2. g3 g6 3. Bg2 Bg7 4. O-O O-O 5. c4 d6 6. d4 Nc6 7. Nc3 a6 8. h3 Bd7 9. e4 e5 10. Be3 Qc8 11. Kh2 Re8 12. dxe5 dxe5 13. Qc2 Na5 14. c5 b6 15. Nd2 bxc5 16. Bxc5 Nc6 17. Nb3 a5 18. Be3 a4 19. Nc5 Nd4 20. Bxd4 exd4 21. N3xa4 Bb5 22. Rfe1 Nd7 23. Bf1 Bc6 24. Rad1 Nxc5 25. Nxc5 1/2-1/2

[Event "2nd Sharjah Masters 2018"]
[Site "Sharjah"]
[Date "2018.04.13"]
[Round "2"]
[White "Bommini Mounika Akshaya"]
[Black "Aditya Mittal"]
[Result "0-1"]
[ECO "D00"]
[WhiteElo "1831"]
[BlackElo "2212"]
[Annotator "NA"]
[PlyCount "74"]
[EventDate "2018.??.??"]
[EventType "swiss"]
[EventCountry "UAE"]
[SourceTitle "playchess.com"]
[Source "ChessBase"]
[SourceQuality "1"]
[TimeControl "5400+30"]

1. d4 d5 2. Bf4 Nf6 3. e3 c5 4. c3 Nc6 5. Nd2 e6 6. Ngf3 cxd4 7. exd4 Nh5 8. Be3 Bd6 9. Ne5 g6 10. Ndf3 f6 11. Nxc6 bxc6 12. Bh6 Qc7 13. g3 Ng7 14. Be2 Nf5 15. Bd2 e5 16. O-O e4 17. Ne1 h5 18. h4 Bxg3 19. fxg3 Qxg3+ 20. Ng2 Nxh4 21. Rf2 e3 22. Bxe3 Nxg2 23. Rxg2 Qxe3+ 24. Kh1 Bh3 25. Rh2 Bf5 26. Bf3 Kf7 27. Bg2 h4 28. Qf1 h3 29. Bf3 Be4 30. Bxe4 Qxe4+ 31. Kg1 Rh4 32. Rf2 Rg4+ 33. Kh2 Rg2+ 34. Rxg2 hxg2 35. Qxg2 Rh8+ 36. Kg1 Qe3+ 37. Kf1 Rh4 0-1